 Dungeon Crawl Stone Soup version 0.28-a0-577-gb193047a1f (webtiles) character file.

Game seed: 6174744038675372137

28609 porpoise the Thaumaturge (level 13, -8/72 HPs)
             Began as a Deep Elf Conjurer on Oct 2, 2021.
             Was a Priest of Vehumet.
             Mangled by a sphinx (16 damage)
             ... while paralysed by a sphinx
             ... on level 12 of the Dungeon.
             The game lasted 01:14:37 (22504 turns).

porpoise the Thaumaturge (Deep Elf Conjurer)       Turns: 22504, Time: 01:14:38

Health: -8/72      AC:  6    Str: 12    XL:     13   Next: 10%
Magic:  23/33      EV:  2    Int: 27    God:    Vehumet [***...]
Gold:   862        SH:  0    Dex: 16    Spells: 24/40 levels left

rFire   + + .      SeeInvis .   a - staff of conjuration
rCold   + + .      Faith    .   o - +0 buckler
rNeg    . . .      Spirit   .   Q - +1 robe {rC+ rF+}
rPois   .          Reflect  .   T - +1 hat
rElec   .          Harm     .   L - scarf {rC+ rF+}
rCorr   .          Rampage  .   c - +1 pair of gloves {Dex+3}
Will    +....                   (no boots)
Stlth   ++++......              (no amulet)
HPRegen 0.22/turn               E - ring of wizardry
MPRegen 0.23/turn               M - +6 ring of strength

@: paralysed
A: no striking features
a: Renounce Religion


You were on level 12 of the Dungeon.
You worshipped Vehumet.
Vehumet was most pleased with you.
You visited 2 branches of the dungeon, and saw 14 of its levels.
You also visited: Ice Cave.

You collected 862 gold pieces.

Inventory:

Hand Weapons
 b - a +1 hunting sling
 i - a +3 short sword
 G - a +0 rapier
 S - a +2 whip of venom
Missiles
 e - 122 sling bullets
 h - 466 stones
 l - 6 throwing nets
 m - 3 boomerangs
 y - 59 poisoned darts
 P - 11 curare-tipped darts
Armour
 c - a +1 pair of gloves of dexterity (worn)
 o - a +0 buckler (worn)
 u - +0 acid dragon scales
 z - a +0 leather armour of poison resistance
 H - a +1 robe of willpower
 L - a scarf of resistance (worn)
 O - +0 steam dragon scales
 Q - a +1 robe of resistance (worn)
 R - a +2 robe
 T - a +1 hat (worn)
Magical Staves
 a - a staff of conjuration (weapon)
 C - a staff of air
Jewellery
 E - a ring of wizardry (left hand)
 M - a +6 ring of strength (right hand)
Wands
 I - a wand of iceblast (3)
 J - a wand of charming (11) (quivered)
 N - a wand of acid (5)
Scrolls
 d - 6 scrolls of immolation
 n - a scroll of noise
 r - a scroll of enchant weapon
 t - 2 scrolls of teleportation
 w - a scroll of summoning
 x - a scroll of identify
 A - a scroll of silence
 B - 2 scrolls of vulnerability
 F - a scroll of magic mapping
 K - a scroll of enchant armour
Potions
 f - 7 potions of curing
 g - 3 potions of brilliance
 j - 4 potions of attraction
 k - 3 potions of lignification
 q - 3 potions of heal wounds
 s - 4 potions of flight
 v - 2 potions of haste
 D - a potion of mutation
 U - a potion of might
Miscellaneous
 V - a piece from Xom's chessboard (15/15)


   Skills:
 - Level 5.0 Fighting
 - Level 9.0 Dodging
 - Level 7.0 Stealth
 + Level 5.4 Shields
 - Level 14.0 Spellcasting
 - Level 9.0 Conjurations
 + Level 10.3 Hexes
 - Level 9.0 Translocations
 - Level 5.0 Earth Magic
 - Level 7.0 Evocations


You had 24 spell levels left.
You knew the following spells:

 Your Spells              Type           Power      Damage    Failure   Level
a - Magic Dart            Conj           100%       1d8       1%          1
b - Searing Ray           Conj           100%       2d8       1%          2
c - Fulminant Prism       Conj/Hex       41%        3d20      1%          4
d - Iskenderun's Mystic   Conj/Tloc      79%        2d16      1%          4
k - Blink                 Tloc           N/A        N/A       1%          2
s - Stone Arrow           Conj/Erth      100%       3d13      1%          3

Your spell library contained the following spells:

 Spells                   Type           Power      Damage    Failure   Level
 Hailstorm                Conj/Ice       59%        3d13      1%          4
 Apportation              Tloc           100%       N/A       1%          1
 Beastly Appendage        Tmut           36%        N/A       1%          1
 Call Imp                 Summ           18%        N/A       1%          2
 Static Discharge         Conj/Air       59%        N/A       1%          2
 Wereblood                Tmut           18%        N/A       1%          2
 Dazzling Flash           Conj/Hex       100%       N/A       1%          3
 Lesser Beckoning         Tloc           61%        N/A       1%          3
 Mephitic Cloud           Conj/Pois/Air  51%        N/A       1%          3
 Sticky Flame             Conj/Fire      59%        2d7       1%          4
 Manifold Assault         Tloc           61%        N/A       1%          5
 Invisibility             Hex            32%        N/A       2%          6
 Ozocubu's Armour         Ice            18%        N/A       3%          3
 Spider Form              Tmut/Pois      9%         N/A       3%          3
 Animate Armour           Summ/Erth      64%        N/A       4%          4
 Dispel Undead            Necr           18%        3d11      12%         4
 Alistair's Intoxication  Tmut/Pois      12%        N/A       30%         5
 Lehudib's Crystal Spear  Conj/Erth      35%        10d9      65%         8
 Ozocubu's Refrigeration  Ice            9%         4d6       86%         7
 Storm Form               Tmut/Air       9%         N/A       100%        7


Dungeon Overview and Level Annotations

Branches:
Dungeon (13/15)            Temple (1/1) D:6            Lair (0/6) D:11
    Orc (0/2) D:10          IceCv (visited)
 Vaults: D:13-14

Altars:
Ashenzari
Cheibriados
Dithmenos
Elyvilon
Fedhas
Gozag
Hepliaklqana
Kikubaaqudgha
Makhleb
Nemelex Xobeh
Okawaru
Qazlal
Ru
Sif Muna
Trog
Uskayaw
Vehumet
Wu Jian
Xom
Zin
The Shining One
Beogh

Shops:
D:6 =   D:9 *   D:11 [


Message History

Aim: a sphinx (wandering, hasn't noticed you, 92% to hit)
You feel a surge of power!
The stone arrow hits the sphinx!
The sphinx is lightly wounded.
The sphinx shouts!
Casting: Stone Arrow (safe; 1% risk of failure)
Confirm with . or Enter, or press ? or * to list all spells.
Aiming: Stone Arrow (safe; 1% risk of failure)
Press: ? - help, Shift-Dir - straight line, f/p - sphinx
Aim: a sphinx (lightly wounded, 92% to hit)
You feel a surge of power!
The stone arrow hits the sphinx!!
The sphinx is heavily wounded.
Casting: Stone Arrow (safe; 1% risk of failure)
Confirm with . or Enter, or press ? or * to list all spells.
Aiming: Stone Arrow (safe; 1% risk of failure)
Press: ? - help, Shift-Dir - straight line, f/p - sphinx
Aim: a sphinx (heavily wounded, 92% to hit)
You feel a surge of power!
The stone arrow hits the sphinx!!
The sphinx is severely wounded.
The sphinx mumbles some strange words.
You are confused.
You feel better.
Casting: Stone Arrow (safe; 1% risk of failure)
Confirm with . or Enter, or press ? or * to list all spells.
Aiming: Stone Arrow (safe; 1% risk of failure)
Press: ? - help, Shift-Dir - straight line, f/p - sphinx
Aim: a sphinx (severely wounded, 92% to hit)
You feel a surge of power!
The stone arrow hits the sphinx!
The sphinx is almost dead.
The sphinx casts a spell.
You suddenly lose the ability to move!
The sphinx mumbles some strange words.
You resist with significant effort. The sphinx hits you!!
The sphinx hits you but does no damage. x2
The sphinx hits you! The sphinx hits you. x2
* * * LOW HITPOINT WARNING * * *
The sphinx mumbles some strange words.
Something smites you!
* * * LOW HITPOINT WARNING * * *
The sphinx hits you!
You die...

.# .## . .# .#### .. ##
# ###..### .# ... #
##..##..## ..# #
###...##...### #..
.###W....##.....###.# .
#.......#.)#.......##...
........#..#.........#
....#........#.#@H.#....
...####.#.#######.## #..
..## #.### .# # .## #.#
.# ## #.# .# # .# .. #
## #


You could see a sphinx.

Vanquished Creatures
  A sphinx (D:12)
  Gastronok (D:11)
  An azure jelly (shapeshifter) (D:12)
  A quicksilver ooze (D:13)
  An ice dragon (D:12)
  2 hydras (D:12)
  Erolcha (D:10)
  Harold (D:11)
  A catoblepas (D:12)
  4 two-headed ogres
  3 centaur warriors (D:12)
  Erica (D:11)
  Sonja (D:10)
  A deep elf pyromancer (D:11)
  2 orc knights (D:12)
  A manticore (D:11)
  Maggie (D:10)
  An unseen horror (D:12)
  2 kobold demonologists
  2 entropy weaver simulacra (IceCv)
  A komodo dragon (D:8)
  4 trolls
  2 hornets
  14 slime creatures
  A meliai zombie (D:11)
  6 wyverns
  4 yaks (D:6)
  2 basilisks
  4 vampire mosquitoes (D:11)
  2 demonic crawler simulacra (IceCv)
  An acid dragon (D:12)
  5 water moccasins
  2 ice beasts
  4 orc warriors
  2 sky beasts (D:7)
  An ugly thing simulacrum (IceCv)
  An ogre (D:10)
  A necrophage (D:6)
  3 centaurs
  A boggart (D:12)
  2 phantoms
  5 kobold brigands
  3 bullfrogs
  6 gnoll sergeants
  A wyvern zombie (D:7)
  A water moccasin zombie (D:7)
  3 wights (D:8)
  6 howler monkeys
  An electric eel (D:8)
  4 centaur zombies
  2 jellies
  9 orc priests
  2 bullfrog zombies
  Terence (D:2)
  8 iguanas
  10 orc wizards
  Natasha (D:2)
  A killer bee zombie (D:6)
  A hound skeleton (D:5)
  A howler monkey zombie (D:10)
  9 gnolls
  4 adders
  2 white imps
  A worm (D:4)
  4 dart slugs
  30 orcs
  6 endoplasms
  4 giant cockroaches
  4 goblins
  7 hobgoblins
  2 jackals (D:2)
  2 quokkas
  3 ball pythons
  11 bats
  9 frilled lizards
  15 kobolds
  5 rats
  A bush (D:8)
277 creatures vanquished.

Vanquished Creatures (collateral kills)
  A yak (D:11)
1 creature vanquished.

Vanquished Creatures (others)
  2 yaks (D:11)
  89 fulminant prisms
  5 fungi (D:11)
  30 plants
126 creatures vanquished.

Grand Total: 404 creatures vanquished

Notes
Turn   | Place    | Note
-------+----------+-------------------------------------------
     0 | D:1      | porpoise the Deep Elf Conjurer began the quest for the Orb.
     0 | D:1      | Reached XP level 1. HP: 10/10 MP: 6/6
   251 | D:1      | Reached XP level 2. HP: 15/15 MP: 4/8
   475 | D:1      | Reached skill level 5 in Conjurations
   562 | D:1      | Learned a level 2 spell: Searing Ray
   819 | D:1      | You fall into a shaft and drop 1 floor!
  1009 | D:2      | Reached XP level 3. HP: 19/19 MP: 6/9
  1542 | D:1      | Found a faded altar of an unknown god.
  1724 | D:2      | Noticed Natasha
  1729 | D:2      | Killed Natasha
  1730 | D:2      | Reached XP level 4. HP: 24/24 MP: 7/11
  2039 | D:2      | Noticed Terence
  2045 | D:2      | Killed Terence
  2046 | D:2      | Reached skill level 4 in Spellcasting
  2083 | D:2      | Learned a level 4 spell: Fulminant Prism
  2088 | D:2      | Learned a level 4 spell: Iskenderun's Mystic Blast
  2798 | D:3      | Reached skill level 1 in Hexes
  3288 | D:3      | Reached XP level 5. HP: 17/28 MP: 4/13
  4567 | D:5      | Entered Level 5 of the Dungeon
  4573 | D:5      | Noticed a phantom
  4660 | D:5      | Killed a phantom
  4661 | D:5      | Reached skill level 5 in Spellcasting
  4829 | D:5      | Learned a level 2 spell: Blink
  4863 | D:5      | Reached XP level 6. HP: 32/32 MP: 10/16
  5836 | D:6      | Noticed an ice beast
  5846 | D:5      | Killed an ice beast
  5847 | D:5      | Reached skill level 6 in Spellcasting
  6119 | D:6      | Reached skill level 5 in Hexes
  6258 | D:6      | Reached skill level 7 in Spellcasting
  6258 | D:6      | Reached XP level 7. HP: 36/36 MP: 13/19
  6493 | D:6      | Reached skill level 1 in Translocations
  6609 | D:6      | Found Sicle's Jewellery Shop.
  6703 | D:6      | Noticed a yak
  6704 | D:6      | Noticed a yak
  6722 | D:6      | Killed a yak
  6728 | D:6      | Noticed a yak
  6900 | D:6      | Noticed a yak
  6904 | D:6      | Killed a yak
  6904 | D:6      | Killed a yak
  6905 | D:6      | Reached skill level 5 in Translocations
  6905 | D:6      | Reached XP level 8. HP: 28/42 MP: 9/20
  6910 | D:6      | Reached skill level 1 in Fighting
  7509 | D:6      | Found a staircase to the Ecumenical Temple.
  7516 | Temple   | Entered the Ecumenical Temple
  7611 | Temple   | Became a worshipper of Vehumet
  8202 | D:7      | Reached skill level 1 in Shields
  8202 | D:7      | Reached skill level 8 in Spellcasting
  8433 | D:7      | Noticed a troll
  8436 | D:7      | Killed a troll
  8437 | D:7      | Reached XP level 9. HP: 50/50 MP: 5/23
  8605 | D:7      | Reached skill level 9 in Spellcasting
  9676 | D:8      | Noticed a komodo dragon
 10239 | D:8      | Killed a komodo dragon
 11383 | D:8      | Identified a scroll of acquirement
 11383 | D:8      | Acquired a +1 pair of gloves of dexterity
 11743 | D:9      | Reached skill level 5 in Shields
 11930 | D:9      | Reached * piety under Vehumet
 11930 | D:9      | Offered knowledge of Sandblast by Vehumet.
 11934 | D:9      | Noticed a two-headed ogre
 11938 | D:9      | Killed a two-headed ogre
 11939 | D:9      | Reached XP level 10. HP: 53/56 MP: 1/25
 12711 | D:9      | Learned a level 3 spell: Stone Arrow
 12937 | D:9      | Found Xuzoomn's Elemental Accessories.
 13141 | D:10     | Entered Level 10 of the Dungeon
 13186 | D:10     | Reached skill level 10 in Spellcasting
 13455 | D:10     | Noticed Maggie
 13475 | D:10     | Killed Maggie
 13476 | D:10     | Reached skill level 5 in Dodging
 13849 | D:10     | Found a staircase to the Orcish Mines.
 14317 | D:9      | Reached skill level 11 in Spellcasting
 14701 | D:10     | Noticed Erolcha
 14714 | D:10     | Killed Erolcha
 14841 | D:10     | Noticed Sonja
 14848 | D:10     | Reached skill level 12 in Spellcasting
 14850 | D:10     | Killed Sonja
 15063 | D:10     | Offered knowledge of Foxfire by Vehumet.
 15084 | D:10     | Reached ** piety under Vehumet
 15242 | D:10     | Found a shadowy altar of Dithmenos.
 15400 | D:11     | Noticed a two-headed ogre
 15405 | D:11     | Killed a two-headed ogre
 15406 | D:11     | Reached skill level 5 in Evocations
 15406 | D:11     | Reached XP level 11. HP: 60/60 MP: 12/29
 16071 | D:11     | Noticed a two-headed ogre
 16079 | D:11     | Killed a two-headed ogre
 16080 | D:11     | Reached skill level 5 in Earth Magic
 16332 | D:11     | Found a staircase to the Lair.
 16746 | D:11     | Noticed Gastronok
 16752 | D:11     | Noticed a deep elf pyromancer
 16769 | D:11     | Killed a deep elf pyromancer
 16770 | D:11     | Reached skill level 5 in Stealth
 17008 | D:11     | Acquired a staff of conjuration
 17407 | D:11     | Noticed Erica
 17417 | D:11     | Killed Erica
 17615 | D:11     | Noticed Harold
 17622 | D:11     | Killed Harold
 17821 | D:11     | Killed Gastronok
 18029 | D:11     | Found Tihiabah's Armour Shop.
 18250 | D:11     | Offered knowledge of Conjure Flame by Vehumet.
 18526 | D:12     | Reached XP level 12. HP: 59/65 MP: 12/30
 18803 | D:12     | Noticed a centaur warrior
 18806 | D:12     | Noticed a two-headed ogre
 18807 | D:12     | Noticed a centaur warrior
 18845 | D:12     | Killed a two-headed ogre
 18845 | D:12     | Reached *** piety under Vehumet
 18846 | D:12     | Reached skill level 13 in Spellcasting
 18961 | D:12     | Noticed a sphinx
 18968 | D:12     | Killed a sphinx
 18969 | D:12     | Reached skill level 5 in Fighting
 19146 | D:12     | Killed a centaur warrior
 19434 | D:12     | Noticed a catoblepas
 19442 | D:12     | Killed a catoblepas
 19443 | D:12     | Reached skill level 14 in Spellcasting
 19572 | D:12     | Noticed an eight-headed hydra
 19578 | D:12     | Killed an eight-headed hydra
 19584 | D:12     | Killed a centaur warrior
 19830 | D:12     | Noticed a four-headed hydra
 19838 | D:12     | Killed a four-headed hydra
 19854 | D:12     | Noticed an azure jelly
 19867 | D:12     | Noticed a six-headed hydra
 19869 | D:12     | Killed an azure jelly
 20655 | D:12     | Noticed a centaur warrior
 20665 | D:12     | Killed a centaur warrior
 20807 | D:13     | Found a frozen archway.
 20912 | IceCv    | Entered an ice cave
 21096 | IceCv    | Offered knowledge of Hailstorm by Vehumet.
 21896 | IceCv    | Noticed a quicksilver ooze
 21911 | IceCv    | HP: 3/68 [quicksilver ooze (3)]
 21915 | IceCv    | HP: 1/68 [quicksilver ooze (3)]
 21920 | D:13     | Killed a quicksilver ooze
 21921 | D:13     | Reached XP level 13. HP: 2/72 MP: 1/33
 22348 | D:12     | Reached skill level 10 in Hexes
 22400 | D:12     | Noticed a sphinx
 22500 | D:12     | Paralysed by a sphinx for 7 turns
 22504 | D:12     | Mangled by a sphinx

Illustrated notes

Levels and vault maps discovered:
D:1:      lemuel_arrival_broad_hall, layout_basic,
          hellmonk_ecumenical_altar_inner_sanctum
D:2:      minmay_wonky_spiral, layout_loops_ring, serial_bayou_lake_a,
          uniq_natasha, uniq_terence
D:3:      layout_basic, kennysheep_minor_cross
D:4:      layout_basic, hex_medium, hex_tiny, chequers_serial_rivers_micro_b,
          fountainhead
D:5:      layout_cave_pods, minmay_hedge_maze
D:6:      layout_loops_corners, minmay_temple_entry_enclosed_plants,
          serial_shops, shop_coins
D:7:      layout_basic
D:8:      layout_basic, kb_lookout_dungeons_type, minmay_lizard_king
D:9:      layout_stronghold, nicolae_elemental_shop,
          hangedman_abyss_or_decor_stagger, david_defended_altar_orc
D:10:     layout_roguey, nicolae_overflow_hidden_temple,
          kennysheep_orc_monster_closet_entryway, uniq_sonja, uniq_erolcha,
          uniq_maggie
D:11:     minmay_general_purpose_star, layout_basic, minmay_lair_entry_grove,
          serial_shops, kennysheep_mini, corexii_checkpoint_a,
          kennysheep_small_spiral, uniq_harold, uniq_erica, uniq_gastronok
D:12:     minmay_bad_star, layout_loops_corners, kennysheep_small_square
D:13:     layout_basic, ximxim_vaults_locker_room,
          portal_ice_cave_entry_pillars_2, serial_shops, kennysheep_little_box,
          uniq_kirke
Temple:   regret_index_temple_sigil_plot

Skill      XL: |  1  2  3  4  5  6  7  8  9 10 11 12 13 |
---------------+----------------------------------------+-----
Conjurations   | 5 6 7 9 |  9.0
Spellcasting   | 4 5 7 8 9 12 14 | 14.0
Hexes          | 1 3 5 7 9 10 | 10.3
Translocations | 5 7 9 |  9.0
Fighting       | 3 5 |  5.0
Shields        | 2 5 |  5.4
Dodging        | 4 7 9 |  9.0
Evocations     | 5 6 7 |  7.0
Earth Magic    | 2 5 |  5.0
Stealth        | 7 |  7.0

Action                   |  1- 3 |  4- 6 |  7- 9 | 10-12 | 13-15 || total
-------------------------+-------+-------+-------+-------+-------++-------
Melee: Rapier            |     6 |       |       |       |       ||     6
       Short sword       |       |       |     7 |       |       ||     7
       Staff             |       |       |       |    20 |       ||    20
 Fire: Hunting sling     |     1 |    41 |    40 |    39 |       ||   121
Throw: Dart              |       |       |       |     2 |       ||     2
 Cast: Magic Dart        |    56 |    20 |     4 |     2 |       ||    82
       Searing Ray       |     4 |    29 |    51 |    58 |     3 ||   145
       Fulminant Prism   |       |     1 |    20 |    67 |     1 ||    89
       Iskenderun's Myst |       |       |    11 |    82 |     3 ||    96
       Stone Arrow       |       |       |       |    49 |    12 ||    61
Evoke: Wand              |       |       |       |     7 |     5 ||    12
       Piece from Xom's  |       |       |       |     2 |       ||     2
  Use: Scroll            |       |    11 |     5 |    11 |     1 ||    28
       Potion            |       |       |       |     3 |     1 ||     4
Armor: Robe              |       |     3 |     2 |    26 |     4 ||    35
Dodge: Dodged            |     2 |    16 |    19 |    93 |     5 ||   135
Block: Buckler           |       |       |     2 |    48 |     4 ||    54

Table legend: (Time is in decaauts)
 A = Elapsed time spent in this place.
 B = Non-inter-level travel time spent in this place.
 C = Inter-level travel time spent in this place.
 D = Time resting spent in this place.
 E = Time spent auto-exploring this place.
 F = Levels seen in this place.
 G = Mean time per level.
                   A        B        C        D        E       F      G
               +--------+--------+--------+--------+--------+-----+--------+
         Total |  22580 |  22031 |    549 |  11515 |   7589 |  15 | 1505.3 |
       Dungeon |  21450 |  20931 |    519 |  10673 |   7517 |  13 | 1650.0 |
        Temple |    125 |     95 |     30 |      0 |     72 |   1 |  125.0 |
      Ice Cave |   1004 |   1004 |      0 |    842 |      0 |   1 | 1004.0 |
               +--------+--------+--------+--------+--------+-----+--------+

Top non-repeatable levels by time:
    D:11: 3591 daAuts
    D:10: 2261 daAuts
     D:8: 1937 daAuts
     D:9: 1935 daAuts
     D:7: 1797 daAuts
     D:6: 1600 daAuts
    D:12: 1550 daAuts
     D:5: 1477 daAuts
     D:1: 1356 daAuts
     D:3: 1167 daAuts
     D:2: 1110 daAuts
     D:4: 1043 daAuts
   IceCv: 1004 daAuts
    D:13: 621 daAuts
  Temple: 125 daAuts
